 Dungeon Crawl Stone Soup version 0.29-a0-477-g62b78b4225 (webtiles) character file.

Game seed: 1006362753060033708

2380 Bruhh the Fighter (level 9, 0/159 HPs)
             Began as an Ogre Berserker on May 25, 2022.
             Was an Elder of Trog.
             Slain by an ice beast (4 damage)
             ... on level 7 of the Dungeon.
             The game lasted 00:08:24 (6200 turns).

Bruhh the Fighter (Ogre Berserker)                  Turns: 6200, Time: 00:08:24

Health: 0/159      AC:  4    Str: 29    XL:     9   Next: 45%
Magic:  9/9        EV: 10    Int: 11    God:    Trog [****..]
Gold:   523        SH:  0    Dex:  8    Spells: 8/8 levels left

rFire   . . .      SeeInvis .   t - +0 giant club
rCold   + . .      Faith    .   (shield currently unavailable)
rNeg    . . .      Spirit   .   z - +1 robe of the Crypt {rC+ Str+2 Int+3}
rPois   .          Reflect  .   (helmet restricted)
rElec   .          Harm     .   (no cloak)
rCorr   .          Rampage  .   (gloves unavailable)
Will    ++...                   (boots unavailable)
Stlth   ..........              j - amulet of regeneration
HPRegen 2.16/turn               (no ring)
MPRegen 0.11/turn               (no ring)

@: berserking (expiring), lethally poisoned (0 -> -1), strong-willed,
regenerating, slowed
A: large, unfitting armour, tough skin 1
a: Renounce Religion, Berserk, Trog's Hand, Brothers in Arms


You were on level 7 of the Dungeon.
You worshipped Trog.
Trog was greatly pleased with you.
You visited 1 branch of the dungeon, and saw 7 of its levels.
You also visited: Sewer.

You collected 523 gold pieces.

Inventory:

Hand Weapons
 a - a +0 mace
 t - a +0 giant club (weapon)
Armour
 b - a +0 animal skin
 z - the +1 robe of the Crypt (worn) {rC+ Str+2 Int+3}
   (You found it on level 5 of the Dungeon)

   Str:       It affects your strength (+2).
   Int:       It affects your intelligence (+3).
   rC:        It protects you from cold.
Jewellery
 g - a ring of resist corrosion
 j - an amulet of regeneration (around neck)
Wands
 q - a wand of digging (5)
 w - a wand of paralysis (5)
 x - a wand of iceblast (5)
 y - a wand of flame (25)
 A - a wand of acid (15)
 C - a wand of charming (15)
 H - a wand of polymorph (5)
Scrolls
 d - a scroll of torment {unknown}
 e - 3 scrolls of enchant armour
 h - 3 scrolls of amnesia
 i - a scroll of fog
 k - a scroll of fear
 l - 3 scrolls of blinking
 n - a scroll of enchant weapon
 o - 2 scrolls of teleportation
 r - a scroll of immolation
 u - 3 scrolls of identify
 E - a scroll of noise {unknown}
 G - a scroll of poison {unknown}
Potions
 c - 6 potions of curing {unknown}
 f - 2 potions of haste {unknown}
 m - 2 potions of brilliance {unknown}
 p - 3 potions of heal wounds {unknown}
 s - a potion of invisibility {unknown}
 v - a potion of attraction {unknown}
 B - 2 potions of mutation {unknown}
 D - a potion of degeneration {unknown}
 F - a potion of might {unknown}


   Skills:
 + Level 11.8 Fighting
 * Level 8.7 Maces & Flails
 - Level 2.6 Dodging


You had 8 spell levels left.
You didn't know any spells.
Your spell library was empty.

Dungeon Overview and Level Annotations

Branches:
Dungeon (7/15)             Temple (0/1) D:4           Sewer (visited)

Altars:
Makhleb
Nemelex Xobeh
Okawaru
Trog
Vehumet


Innate Abilities, Weirdness & Mutations

You are too large for most types of armour.
You have tough skin. (AC +1)


Message History

Found a mace.
You feel a strong urge to attack something.
A hornet comes into view.
The cyclops hits you!!
The hornet buzzes angrily.
You sock the cyclops!
The cyclops is moderately wounded.
The ice beast hits you but does no damage.
The cyclops hits you!
* * * LOW HITPOINT WARNING * * *
You barely miss the cyclops.
The cyclops is moderately wounded.
The ice beast barely misses you.
You barely miss the cyclops.
The cyclops is moderately wounded.
The cyclops hits you!!
* * * LOW HITPOINT WARNING * * *
The ice beast hits you but does no damage.
You bludgeon the cyclops!!
The cyclops is almost dead.
The ice beast hits you but does no damage.
You hammer the cyclops like a gong!!!
You kill the cyclops!
Trog accepts your kill. The hornet stings you.
* * * LOW HITPOINT WARNING * * *
You are poisoned.
You feel yourself slow down.
You barely miss the hornet.
You feel very sick.
The ice beast hits you but does no damage.
The hornet closely misses you. The ice beast hits you.
* * * LOW HITPOINT WARNING * * *
The ice beast freezes you. You resist.
* * * LOW HITPOINT WARNING * * *
You barely miss the hornet.
You feel sick. The hornet barely misses you. The hornet closely misses you.
The ice beast hits you.
* * * LOW HITPOINT WARNING * * *
The ice beast freezes you. You resist.
You die...

######.....# #
#...#...##....
###.........## ##
.#...........#
.............# .
....)........# ...
..#..........#######....
.###...........#.Y......
..##............@y.#
.................#......
##.#....).....##....####
#.#.............##.#
#................ ..
###..........#.... ..
##..####).#...... .........
##.###.).##).!............#
# #......### . .........#
.#


You could see a hornet and an ice beast.

Vanquished Creatures
  A cyclops (D:7)
  A water moccasin (D:6)
  An orc warrior (D:5)
  2 black bears (D:5)
  An ogre (D:4)
  A centaur (D:7)
  A phantom (D:6)
  4 bullfrogs
  A kobold brigand (D:6)
  A necrophage (D:7)
  2 scorpions
  3 wights (D:7)
  2 howler monkeys
  A crimson imp (D:4)
  A jelly (D:6)
  A gnoll shaman (D:5)
  3 hounds
  4 iguanas
  Terence (D:3)
  Natasha (thrice) (D:3)
  6 adders
  9 gnolls
  3 river rats (Sewer)
  A shadow imp (D:6)
  3 worms
  3 dart slugs
  14 orcs
  7 bats (D:1)
  5 endoplasms
  8 giant cockroaches
  11 goblins
  6 hobgoblins
  5 jackals
  13 kobolds
  7 quokkas
  8 ball pythons
  8 frilled lizards
  17 rats
169 creatures vanquished.

Notes
Turn   | Place    | Note
-------+----------+-------------------------------------------
     0 | D:1      | Bruhh the Ogre Berserker began the quest for the Orb.
     0 | D:1      | Reached XP level 1. HP: 24/24 MP: 1/1
   167 | D:1      | Reached XP level 2. HP: 14/33 MP: 2/2
   629 | D:1      | Reached XP level 3. HP: 39/41 MP: 3/3
   900 | D:1      | Reached ** piety under Trog
  1059 | D:1      | Reached skill level 5 in Fighting
  1104 | D:1      | Found a faded altar of an unknown god.
  1835 | D:2      | Reached XP level 4. HP: 50/50 MP: 4/4
  2026 | D:2      | Found a bloodstained altar of Trog.
  2221 | D:3      | Noticed Natasha
  2231 | D:3      | Killed Natasha
  2474 | D:3      | Reached XP level 5. HP: 59/59 MP: 5/5
  2476 | D:3      | Reached skill level 6 in Fighting
  2486 | D:3      | Noticed Natasha
  2490 | D:3      | Killed Natasha
  2575 | D:3      | Noticed Natasha
  2580 | D:3      | Killed Natasha
  2580 | D:3      | Reached *** piety under Trog
  2715 | D:3      | Reached XP level 6. HP: 60/68 MP: 6/6
  2868 | D:3      | Noticed Terence
  2876 | D:3      | Killed Terence
  3013 | D:3      | Identified the +2 morningstar of the Seven Hells {speed,
                  | Str+2}
  3069 | D:4      | Found a sparkling altar of Nemelex Xobeh.
  3185 | D:4      | Reached skill level 7 in Fighting
  3295 | D:4      | Reached skill level 5 in Maces & Flails
  3295 | D:4      | Found a staircase to the Ecumenical Temple.
  3483 | D:4      | Reached XP level 7. HP: 53/79 MP: 7/7
  3657 | D:4      | Found an iron altar of Okawaru.
  3689 | D:4      | Reached skill level 8 in Fighting
  3868 | D:4      | Found a burning altar of Makhleb.
  3868 | D:4      | Found a radiant altar of Vehumet.
  3996 | D:5      | Entered Level 5 of the Dungeon
  4257 | D:5      | Identified the +1 robe of the Crypt {rC+ Str+2 Int+3}
  4341 | D:5      | Reached skill level 9 in Fighting
  4341 | D:5      | Reached XP level 8. HP: 48/92 MP: 8/8
  4711 | D:6      | Reached **** piety under Trog
  5161 | D:6      | Reached skill level 10 in Fighting
  5304 | D:6      | Found a glowing drain.
  5316 | Sewer    | Entered a sewer
  5997 | D:7      | Reached XP level 9. HP: 83/102 MP: 9/9
  5999 | D:7      | Reached skill level 11 in Fighting
  6187 | D:7      | Noticed a cyclops
  6193 | D:7      | Noticed a hornet
  6198 | D:7      | Killed a cyclops
  6199 | D:7      | HP: 5/159 [ice beast (4)]
  6200 | D:7      | Slain by an ice beast

Illustrated notes

Levels and vault maps discovered:
D:1:      wander_arrival_chamber, layout_basic,
          shapermc_ecumenical_altar_mp_highgroup, skrybe_limestone_x,
          minmay_misc_feat_hallway
D:2:      layout_loops_ring, basic_altar
D:3:      layout_loops_ring, uniq_terence, uniq_natasha
D:4:      layout_loops_ring, grunt_temple_overflow_lords_of_destruction,
          mainiacjoe_overflow_catch_the_wave, minmay_temple_entry_grid
D:5:      layout_loops_cross, kennysheep_generic_room_7
D:6:      layout_rooms, portal_sewer_entry_f, chequers_serial_rivers_room_a
D:7:      layout_rooms

Skill      XL: |  1  2  3  4  5  6  7  8  9 |
---------------+----------------------------+-----
Maces & Flails | 3 4 5 6 7 8 |  8.7
Fighting       | 5 6 7 9 10 11 | 11.8
Dodging        | |  2.6

Action                   |  1- 3 |  4- 6 |  7- 9 || total
-------------------------+-------+-------+-------++-------
Melee: Mace              |   100 |   212 |       ||   312
       Punch             |     1 |       |       ||     1
       Giant club        |       |       |   216 ||   216
Invok: Berserk           |       |     1 |     3 ||     4
       Trog's Hand       |       |       |     2 ||     2
  Use: Scroll            |       |       |     9 ||     9
 Stab: Sleeping          |       |     1 |       ||     1
Armor: Animal skin       |    41 |    34 |    17 ||    92
       Robe              |       |       |    65 ||    65
Dodge: Dodged            |    76 |   101 |   166 ||   343

Table legend: (Time is in decaauts)
 A = Elapsed time spent in this place.
 B = Non-inter-level travel time spent in this place.
 C = Inter-level travel time spent in this place.
 D = Time resting spent in this place.
 E = Time spent auto-exploring this place.
 F = Levels seen in this place.
 G = Mean time per level.
                   A        B        C        D        E       F      G
               +--------+--------+--------+--------+--------+-----+--------+
         Total |   6417 |   6216 |    201 |    260 |   4515 |   8 |  802.1 |
       Dungeon |   5902 |   5701 |    201 |    260 |   4223 |   7 |  843.1 |
         Sewer |    515 |    515 |      0 |      0 |    291 |   1 |  515.0 |
               +--------+--------+--------+--------+--------+-----+--------+

Top non-repeatable levels by time:
     D:1: 1431 daAuts
     D:5: 1005 daAuts
     D:4: 960 daAuts
     D:3: 882 daAuts
     D:2: 809 daAuts
     D:6: 599 daAuts
   Sewer: 515 daAuts
     D:7: 212 daAuts
